 Dungeon Crawl Stone Soup version 0.31-a0-996-g3b49de5836 (webtiles) character file.

Game seed: 15536113067552018795

752 BinkBink the Chopper (level 7, -30/63 HPs)
             Began as a Minotaur Monk on Nov 7, 2023.
             Was a Follower of Ashenzari.
             Annihilated by an ogre
             ... wielding a +0 giant spiked club
              (38 damage)
             ... on level 4 of the Dungeon.
             The game lasted 00:04:49 (3593 turns).

BinkBink the Chopper (Minotaur Monk)                Turns: 3593, Time: 00:04:50

Health: -30/63     AC:  2    Str: 16    XL:     7   Next: 49%
Magic:  15/15      EV: 19    Int:  7    God:    Ashenzari [*.....]
Gold:   169        SH:  0    Dex: 14    Spells: 6/6 levels left

rFire   . . .        a - +0 hand axe
rCold   . . .        d - orb {light}
rNeg    . . .        b - +0 robe of the Sibylline Oracle {Fort, Elem} (curse)
rPois   .            (helmet restricted)
rElec   .            (no cloak)
rCorr   .            (no gloves)
SInv    .            (no boots)
Will    .....        (no amulet)
Stlth   +            f - +5 ring of evasion
HPRegen 0.30/turn    g - ring of the Revealing Anxiety {MP+9, Comp, Range} (curse)
MPRegen 0.14/turn

%: no passive effects
@: glowing
A: horns 2, retaliatory headbutt
a: Renounce Religion, Shatter the Chains


You were on level 4 of the Dungeon.
You worshipped Ashenzari.
Ashenzari was aware of your devotion.
You visited 1 branch of the dungeon, and saw 4 of its levels.

You collected 169 gold pieces.

Inventory:

Hand Weapons
 a - a +0 hand axe (weapon)
 r - a +0 orcbow
Armour
 b - the cursed +0 robe of the Sibylline Oracle (worn) {Fort, Elem}

   It has a curse which improves the following skills: Fortitude: Armour and
   Shields.
   Elements:  Fire Magic, Ice Magic, Air Magic and Earth Magic.
 d - an orb of light (worn)
 p - a +0 cloak
Jewellery
 f - a +5 ring of evasion (left hand)
 g - the cursed ring of the Revealing Anxiety (right hand) {MP+9, Comp, Range}
   (You found it on level 1 of the Dungeon)

   [ring of magical power]

   MP+9:      It affects your magic capacity (+9).
   It has a curse which improves the following skills: Companions: Summonings
   and Necromancy.
   Ranged Combat: Ranged Weapons and Throwing.
Scrolls
 e - 2 scrolls of teleportation
 l - a scroll of blinking
 m - a scroll of identify
 n - 2 scrolls of amnesia
Potions
 c - 3 potions of ambrosia
 h - a potion of lignification
 i - a potion of mutation
 j - a potion of heal wounds
 k - 2 potions of cancellation
 o - 2 potions of brilliance
 q - a potion of berserk rage
 s - a potion of haste


   Skills:
 + Level 6.1 Fighting
 + Level 6.2 Axes
 + Level 4.7(5.5) Armour
 + Level 5.6 Dodging


You had 6 spell levels left.
You didn't know any spells.
Your spell library contained the following spells:

 Spells                   Type           Power      Damage    Failure   Level
 Apportation              Tloc           0%         N/A       43%         1
 Blink                    Tloc           0%         N/A       56%         2
 Cigotuvi's Dreadful Rot  Necr/Pois/Air  0%         N/A       56%         2
 Ensorcelled Hibernation  Hex/Ice        0%         N/A       56%         2
 Jinxbite                 Hex            0%         N/A       56%         2
 Lesser Beckoning         Tloc           0%         N/A       56%         2
 Momentum Strike          Conj/Tloc      0%         3d8       56%         2
 Passwall                 Tmut/Erth      0%         N/A       56%         2
 Ignite Poison            Fire/Tmut/Pois 0%         N/A       80%         3
 Swiftness                Air            0%         N/A       80%         3
 Alistair's Intoxication  Tmut/Pois      0%         N/A       100%        5
 Freezing Cloud           Conj/Ice/Air   0%         6-21      100%        5


Dungeon Overview and Level Annotations

Branches:
Dungeon (4/15)
 Temple: D:4-7

Altars:
Ashenzari
Ru

Annotations:
D:4 4 runed translucent doors


Innate Abilities, Weirdness & Mutations

You have a pair of horns on your head.
You reflexively headbutt those who attack you in melee.


Message History

You are too injured to fight recklessly!
You are too injured to fight recklessly!
Unknown command.
You hit Eustachio. You headbutt Eustachio.
Eustachio is almost dead.
You closely miss the ufetubus. Eustachio hits you with a +0 falchion.
The ufetubus misses you. The ufetubus closely misses you.
You hit Eustachio.
You kill Eustachio!
The ufetubus disappears in a puff of smoke!
The river rat disappears in a puff of smoke!
You feel your dexterity returning.
Your Fighting skill increases to level 6!
Your Axes skill increases to level 6!
Things that are here:
a +0 falchion; a +0 leather armour
Found an escape hatch in the floor.
There is an escape hatch in the floor here.
You now have 169 gold pieces (gained 5).
An ogre comes into view. It is wielding a +0 giant spiked club.
An ogre is nearby!
An ogre is nearby!
The ogre hits you with a +0 giant spiked club!!
You barely miss the ogre.
The ogre hits you with a +0 giant spiked club!
You are too injured to fight recklessly!
You are too injured to fight recklessly!
You are too injured to fight recklessly!
You are too injured to fight recklessly!
You hit the ogre. You headbutt the ogre!
The ogre is heavily wounded.
You hit the ogre.
The ogre is heavily wounded.
The ogre hits you with a +0 giant spiked club!
* * * LOW HITPOINT WARNING * * *
You slash the ogre!
The ogre is severely wounded.
The ogre hits you with a +0 giant spiked club!!!
Ouch! That really hurt!
You die...

#########
#############.......#
......O@............#
###.#.##.###..#.###.#
# # #.##.........####
## #.#.............#
.# #.##...#####.##.#
## #.###........##.#
# #.# #.#########.#
..# #.# #.# #+## #.#


You could see an ogre.

Vanquished Creatures
  Eustachio (D:4)
  A centaur (D:4)
  A phantom (D:4)
  2 scorpions
  A sleepcap (D:4)
  2 iguanas (D:4)
  An orc priest (D:4)
  Jessica (D:3)
  Natasha (thrice) (D:2)
  3 orc wizards
  6 dart slugs
  5 orcs
  3 ball pythons
  2 endoplasms (D:1)
  7 giant cockroaches
  9 goblins
  3 hobgoblins (D:1)
  5 quokkas
  5 bats
  5 frilled lizards
  6 kobolds
72 creatures vanquished.

Notes
Turn   | Place    | Note
-------+----------+-------------------------------------------
     0 | D:1      | BinkBink the Minotaur Monk began the quest for the Orb.
     0 | D:1      | Reached XP level 1. HP: 19/19 MP: 0/0
   226 | D:1      | Reached XP level 2. HP: 27/27 MP: 1/1
   325 | D:1      | Reached skill level 1 in Armour
   642 | D:2      | Reached XP level 3. HP: 33/33 MP: 2/2
  1245 | D:2      | Found a sacrificial altar of Ru.
  1276 | D:2      | Noticed Natasha
  1285 | D:2      | Killed Natasha
  1361 | D:2      | Noticed Natasha
  1367 | D:2      | Killed Natasha
  1368 | D:2      | Reached XP level 4. HP: 40/41 MP: 3/3
  1458 | D:2      | Noticed Natasha
  1464 | D:2      | Killed Natasha
  1501 | D:3      | Reached XP level 5. HP: 42/47 MP: 4/4
  1720 | D:3      | Reached skill level 5 in Fighting
  1720 | D:3      | Reached skill level 5 in Axes
  2171 | D:3      | Noticed Jessica
  2173 | D:3      | Killed Jessica
  2303 | D:3      | Found a faded altar of an unknown god.
  2466 | D:3      | Prayed at the altar of an unknown god.
  2466 | D:3      | Became a worshipper of Ashenzari the Shackled
  2554 | D:4      | Reached XP level 6. HP: 33/56 MP: 5/5
  2806 | D:4      | Reached skill level 5 in Dodging
  3091 | D:4      | Reached XP level 7. HP: 53/62 MP: 6/6
  3196 | D:4      | Found a large runed translucent door.
  3196 | D:4      | Noticed a wyvern
  3197 | D:4      | Found a large runed translucent door.
  3197 | D:4      | Found the ring of the Octopus King
  3201 | D:4      | Found a large runed translucent door.
  3201 | D:4      | Found a large runed translucent door.
  3275 | D:4      | Reached * piety under Ashenzari
  3374 | D:4      | Identified a ring of the Octopus King {rF+ HP+2 AC+2 EV+2
                  | SH+2}
  3385 | D:4      | Noticed Eustachio
  3423 | D:4      | Killed Eustachio
  3593 | D:4      | Annihilated by an ogre

Illustrated notes

Levels and vault maps discovered:
D:1:      ncdulo_watergridlock, layout_loops_ring
D:2:      layout_basic, basic_altar, nicolae_figureground_sparkle, uniq_natasha
D:3:      layout_basic, chequers_ecumenical_altar_lobes, grunt_ministairs_10,
          uniq_jessica
D:4:      layout_loops_corners, chequers_temple_overflow_minitemple,
          minmay_hollow_rounded_squares, uniq_eustachio

Skill      XL: |  1  2  3  4  5  6  7 |
---------------+----------------------+-----
Armour         | 1 2 3 4 |  4.7
Fighting       | 4 5 6 |  6.1
Axes           | 4 5 6 |  6.2
Dodging        | 4 5 |  5.6

Action                     |  1- 3 |  4- 6 |  7- 9 || total
---------------------------+-------+-------+-------++-------
  Melee: Hand axe          |    56 |    95 |    44 ||   195
         Headbutt          |    16 |    18 |    13 ||    47
 Invoke: Curse Item        |       |     1 |     1 ||     2
 Armour: Robe              |    13 |    26 |    29 ||    68
  Dodge: Dodged            |    48 |    86 |    47 ||   181

Table legend: (Time is in decaauts)
 A = Elapsed time spent in this place.
 B = Non-inter-level travel time spent in this place.
 C = Inter-level travel time spent in this place.
 D = Time resting spent in this place.
 E = Time spent auto-exploring this place.
 F = Levels seen in this place.
 G = Mean time per level.
                   A        B        C        D        E       F      G
               +--------+--------+--------+--------+--------+-----+--------+
         Total |   3609 |   3440 |    169 |    230 |   2771 |   4 |  902.2 |
       Dungeon |   3609 |   3440 |    169 |    230 |   2771 |   4 |  902.2 |
               +--------+--------+--------+--------+--------+-----+--------+

Top non-repeatable levels by time:
     D:4: 1103 daAuts
     D:3: 1006 daAuts
     D:2: 858 daAuts
     D:1: 640 daAuts
